 Dungeon Crawl Stone Soup version 0.30-a0-568-g124715a40b (webtiles) character file.

Game seed: 1524322036978847556

4589 sokol815 the Slicer (level 10, -16/50 HPs)
             Began as a Kobold Delver on Dec 28, 2022.
             Was an Elder of Vehumet.
             Demolished by a skeletal warrior
             ... wielding a +0 halberd
              (27 damage)
             ... on level 7 of the Dungeon.
             The game lasted 00:21:17 (8986 turns).

sokol815 the Slicer (Kobold Delver)                 Turns: 8986, Time: 00:21:18

Health: -16/50     AC:  9    Str:  9    XL:     10   Next: 68%
Magic:  10/10      EV: 14    Int: 17    God:    Vehumet [****..]
Gold:   630        SH:  0    Dex: 19    Spells: 4/9 levels left

rFire   . . .      SeeInvis .    a - +0 rapier
rCold   x . .      Faith    .    (no shield)
rNeg    + + .      Spirit   .    n - +1 troll leather armour {Pargi}
rPois   +          Reflect  .    p - +0 helmet
rElec   .          Harm     .    q - +0 cloak
rCorr   .          Rampage  .    i - +0 pair of gloves "Misayd" {Fly rC- Str+6 Slay+3}
Will    .....      Clarity  +    x - +0 pair of boots
Stlth   ++++                     f - amulet "Xyhaot" {RegenMP rPois rN++ Str-5}
HPRegen 1.08/turn                B - ring of poison resistance {rPois, !d}
MPRegen 0.52/turn                (no ring)

@: flying
A: small, no large weapons, nightstalker 3, clarity, clever 1, frail 1,
MP-powered wands
a: Renounce Religion


You were on level 7 of the Dungeon.
You worshipped Vehumet.
Vehumet was greatly pleased with you.
You visited 2 branches of the dungeon, and saw 8 of its levels.
You also visited: Sewer and Ossuary.

You collected 630 gold pieces.

Inventory:

Hand Weapons
 a - a +0 rapier (weapon)
   (You found it on level 2 of the Dungeon)
 b - the +9 whip of the Empty Page {heavy, Str+4}
   (You found it on level 5 of the Dungeon)

   It deals dramatically more damage, but attacks with it are much slower.
   Str:       It affects your strength (+4).
 r - a +0 short sword
 z - a +1 mace of draining
   (You took it off an orc on level 5 of the Dungeon)
 A - a +0 whip of flaming
   (You took it off Pikel on level 6 of the Dungeon)
 K - a +1 dagger of freezing
   (You took it off a kobold on level 7 of the Dungeon)
Missiles
 k - 3 boomerangs
 s - 83 stones
 u - 55 poisoned darts
 J - a curare-tipped dart
Armour
 e - a +1 leather armour of cold resistance
   (You found it on level 5 of the Dungeon)
 g - the +1 robe of Dishonour {rElec rC+ Str+3}
   (You found it on level 2 of the Dungeon)

   Str:       It affects your strength (+3).
   rC:        It protects you from cold.
   rElec:     It insulates you from electricity.
 i - the +0 pair of gloves "Misayd" (worn) {Fly rC- Str+6 Slay+3}
   (You found it on level 6 of the Dungeon)

   Str:       It affects your strength (+6).
   Slay:      It affects your accuracy & damage with ranged weapons and melee
   (+3).
   rC:        It makes you vulnerable to cold.
   Fly:       It grants you flight.
 n - a +1 troll leather armour (worn) {Pargi}
   (You found it in a sewer)
 p - a +0 helmet (worn)
   (You took it off Robin on level 3 of the Dungeon)
 q - a +0 cloak (worn)
   (You found it on level 2 of the Dungeon)
 w - a +0 leather armour
 x - a +0 pair of boots (worn)
   (You found it on level 5 of the Dungeon)
Magical Staves
 t - a staff of poison {rPois}
   (You found it on level 3 of the Dungeon)
Jewellery
 f - the amulet "Xyhaot" (around neck) {RegenMP rPois rN++ Str-5}
   (You found it on level 4 of the Dungeon)

   [amulet of magic regeneration]

   It increases your rate of magic regeneration.
   Str:       It affects your strength (-5).
   rPois:     It protects you from poison.
   rN:        It greatly protects you from negative energy.
 v - an amulet of the acrobat
   (You found it on level 1 of the Dungeon)
 B - a ring of poison resistance (left hand) {rPois, !d}
   (You found it on level 6 of the Dungeon)
Wands
 d - a wand of digging (2)
 j - a wand of polymorph (9)
   (You took it off Robin on level 3 of the Dungeon)
 l - a wand of roots (5)
   (You found it on level 4 of the Dungeon)
Scrolls
 c - a scroll of fog
 y - a scroll of poison
 E - 2 scrolls of fear
 X - a scroll of magic mapping {@r4!r}
 Y - 4 scrolls of teleportation {@r3}
Potions
 h - a potion of resistance {unknown}
 m - a potion of brilliance {unknown}
 o - a potion of curing {unknown}
 C - 2 potions of flight {unknown}
 D - 2 potions of cancellation {unknown}
 F - 2 potions of heal wounds {unknown}
 G - a potion of might {unknown}
 H - a potion of haste
 I - a potion of invisibility
 P - 4 potions of lignification {!q}
 T - a potion of berserk rage {!q}
 U - 3 potions of mutation {!q}


   Skills:
 - Level 3.2 Fighting
 - Level 14.0 Short Blades
 - Level 2.4 Dodging
 - Level 6.6 Stealth
 + Level 10.4 Fire Magic


You had 4 spell levels left.
You knew the following spells:

 Your Spells              Type           Power      Damage    Failure   Level
f - Fireball              Conj/Fire      8%         3d6       28%         5

Your spell library contained the following spells:

 Spells                   Type           Power      Damage    Failure   Level
 Stone Arrow              Conj/Erth      0%         3d7       24%         3
 Foxfire                  Conj/Fire      68%        2x1d7     1%          1
 Ignite Poison            Fire/Tmut/Pois 11%        N/A       7%          3
 Kindle Blastsparks       Fire/Tloc/Air  22%        2d11      7%          3
 Starburst                Conj/Fire      8%         6d4       80%         6
 Freezing Cloud           Conj/Ice/Air   0%         6-21      89%         5


Dungeon Overview and Level Annotations

Branches:
Dungeon (7/15) Zot: 25966  Temple (1/1) D:5 Zot: 5479   Sewer (visited)
Ossuary (visited)

Altars:
Ashenzari
Cheibriados
Dithmenos
Elyvilon
Fedhas
Hepliaklqana
Kikubaaqudgha
Makhleb
Nemelex Xobeh
Okawaru
Qazlal
Ru
Sif Muna
Trog
Uskayaw
Vehumet
Wu Jian
Xom
Yredelemnul
Zin
The Shining One

Shops:
D:4 ?   D:6 ?*

Annotations:
D:6 Sigmund
D:7 2 transporters, mandarbmax's ghost, novice BaIE


Innate Abilities, Weirdness & Mutations

You are small and have problems with some larger weapons.
You are completely attuned to the shadows.
You possess an exceptional clarity of mind.
Your mind is acute. (Int +4, Str/Dex -1)
You are frail. (-10% HP)
You expend magic power (3 MP) to strengthen your wands.


Message History

Something hits you.
You regained 7 hp, and now have 27/50 hp.
You closely miss something.
You start resting.
Something hits you but does no damage.
Unknown command.
An orc wizard appears from thin air!
Reactivating autopickup.
The orc wizard points at you and mumbles some strange words.
The magic dart hits you but does no damage.
An orc warrior comes into view. It is wielding a +0 war axe.
You barely miss the orc wizard. The orc wizard misses you.
You hit the orc wizard.
You kill the orc wizard!
Vehumet accepts your kill.
There is an open door here.
You barely miss the orc warrior. The orc warrior closely misses you.
You puncture the orc warrior! You closely miss the orc warrior.
The orc warrior closely misses you.
You hit the orc warrior.
You hit the orc warrior but do no damage.
The orc warrior hits you but does no damage.
You hit the orc warrior but do no damage.
You hit the orc warrior but do no damage.
The orc warrior misses you.
You hit the orc warrior but do no damage.
You barely miss the orc warrior.
The orc warrior hits you with a +0 war axe!
You take 10 damage, and have 37/50 hp.
You barely miss the orc warrior. You hit the orc warrior.
The orc warrior hits you with a +0 war axe!
You take 16 damage, and have 22/50 hp.
MASSIVE DAMAGE!!
You hit the orc warrior but do no damage.
You completely miss the orc warrior. The orc warrior closely misses you.
You barely miss the orc warrior. You barely miss the orc warrior.
The orc warrior completely misses you.
You hit the orc warrior but do no damage.
You hit the orc warrior.
The orc warrior hits you with a +0 war axe.
You take 1 damage, and have 24/50 hp.
You hit the orc warrior.
You hit the orc warrior but do no damage.
The orc warrior misses you.
You hit the orc warrior.
You punch the orc warrior, but do no damage.
You completely miss the orc warrior.
The orc warrior hits you but does no damage.
You puncture the orc warrior!
You kill the orc warrior!
Vehumet accepts your kill.
There is an open door, spattered with blood here.
Things that are here:
a +0 war axe; a +0 chain mail You start resting.
Health restored: 50 An ice beast comes into view.
An orc warrior comes into view. It is wielding a +0 mace.
The ice beast completely misses you.
A skeletal warrior comes into view. It is wielding a +0 halberd.
There is an open door, spattered with blood here.
Items here: ))) [[[ †.
You hit the ice beast. The skeletal warrior misses you.
You hit the ice beast but do no damage. You puncture the ice beast!
The ice beast closely misses you.
The skeletal warrior hits you from afar with a +0 halberd!!
You take 19 damage, and have 31/50 hp.
MASSIVE DAMAGE!!
You regained 2 hp, and now have 34/50 hp.
The ice beast attacks as you move away!
The ice beast hits you but does no damage.
The ice beast attacks as you move away! The ice beast closely misses you.
The ice beast attacks as you move away! The ice beast closely misses you.
There is an open door, spattered with blood here.
Things that are here:
a +0 war axe; a +0 chain mail The ice beast attacks as you move away!
The ice beast hits you. The ice beast freezes you!
You feel a terrible chill!
You take 15 damage, and have 26/50 hp.
MASSIVE DAMAGE!!
The ice beast attacks as you move away! The ice beast closely misses you.
The ice beast attacks as you move away! The ice beast misses you.
The ice beast attacks as you move away! The ice beast barely misses you.
You see here a bullfrog corpse.
You regained 2 hp, and now have 31/50 hp.
The ice beast attacks as you move away! The ice beast hits you.
The ice beast freezes you!!
You feel a terrible chill!
* * * LOW HITPOINT WARNING * * *
There is an open door here.
You take 21 damage, and have 10/50 hp.
MASSIVE DAMAGE!!
As you read the scroll of fear, it crumbles to dust.
You assume a fearsome visage.
The orc warrior looks frightened!
The skeletal warrior is unaffected.
The ice beast looks frightened!
The skeletal warrior hits you from afar with a +0 halberd!!
Ouch! That really hurt!
You die...

###,#.......# #.###...##.#
***...##......# #...'#####)#
***,,,).{#......#####.## #)###
**,,,,,#..##......## #.# #.##.
,,,,,**#...#..###..###.######.##.
*,,***,*#..##'#.#..........)))##.
*,,,*,,,+...#...##...#.##.######.
**..**,###..##...###...##........
*...###..o..#)#@#.#...#########.
*#..#.....#####†..##...########.
#...o..###.#.Yz...#.#.......##.
*#...###...##..#..##..####.....
####.#)#...o..#......#...<....##.
...###.o...#..##...########......
.....##..###...).### #####..##.
#######...###..###.# #......##.
##..#.....##.# #.###.###.


You could see a skeletal warrior and an ice beast (fleeing).

Vanquished Creatures
  Pikel (D:6)
  Eustachio (D:5)
  Menkaure (D:6)
  A water moccasin (D:6)
  Duvessa (D:4)
  2 orc warriors (D:7)
  Pargi (Sewer)
  2 black bears (D:6)
  4 ice beasts
  A sky beast (D:7)
  A centaur (D:7)
  3 ogres
  A lemure (D:6)
  2 phantoms (D:6)
  An elf zombie (Ossuary)
  5 kobold brigands
  2 gnoll sergeants (D:7)
  3 bullfrogs
  2 scorpions (D:6)
  A necrophage (D:6)
  A wight (D:7)
  Dowan (D:4)
  2 howler monkeys (D:7)
  2 orc priests (D:7)
  2 human zombies (Ossuary)
  A jelly (D:6)
  4 gnoll boudas
  6 hounds
  3 iguanas
  5 orc wizards
  3 mummies
  Robin (D:3)
  16 gnolls
  16 adders
  2 shadow imps (D:6)
  2 white imps
  An ufetubus (D:5)
  2 worms
  2 adder zombies (Ossuary)
  32 orcs
  9 endoplasms
  3 giant cockroaches
  10 goblins
  6 hobgoblins
  4 jackals
  9 quokkas
  8 ball pythons
  11 bats
  6 frilled lizards
  A goblin zombie (Ossuary)
  10 hobgoblin zombies (Ossuary)
  27 kobolds
  13 kobold zombies (Ossuary)
  6 orc zombies (Ossuary)
  5 rats
  A rat zombie (Ossuary)
  A butterfly (D:5)
270 creatures vanquished.

Notes
Turn   | Place    | Note
-------+----------+-------------------------------------------
     0 | D:5      | sokol815 the Kobold Delver began the quest for the Orb.
     0 | D:5      | Reached XP level 1. HP: 14/14 MP: 1/1
    44 | D:5      | Reached skill level 3 in Short Blades
    46 | D:5      | Noticed an orc wizard
    48 | D:5      | Killed an orc wizard
    49 | D:5      | Reached skill level 4 in Short Blades
    49 | D:5      | Reached XP level 2. HP: 19/19 MP: 2/2
    49 | D:5      | Reached XP level 3. HP: 23/23 MP: 3/3
    75 | D:5      | Noticed an ice beast
   133 | D:4      | Reached skill level 5 in Short Blades
   133 | D:4      | Reached XP level 4. HP: 23/28 MP: 4/4
   237 | D:4      | Found Leschale's Magic Scroll Boutique.
   249 | D:4      | Reached skill level 6 in Short Blades
   562 | D:1      | Reached XP level 5. HP: 32/32 MP: 5/5
  1773 | D:2      | Reached skill level 7 in Short Blades
  2103 | D:2      | Identified the +1 robe of Dishonour {rElec rC+ Str+3}
  2311 | D:2      | Found a faded altar of an unknown god.
  2564 | D:3      | Reached XP level 6. HP: 23/37 MP: 6/6
  3161 | D:3      | Reached skill level 8 in Short Blades
  3384 | D:3      | Noticed Robin
  3402 | D:3      | Killed Robin
  4032 | D:4      | Reached skill level 9 in Short Blades
  4135 | D:4      | Noticed Duvessa
  4135 | D:4      | Noticed Dowan
  4161 | D:4      | Killed Duvessa
  4162 | D:4      | Reached XP level 7. HP: 22/41 MP: 7/7
  4162 | D:4      | HP: 10/41 [Dowan/shard of ice (12)]
  4164 | D:4      | Gained mutation: You are frail. (-10% HP) [potion of
                  | mutation]
  4164 | D:4      | Gained mutation: You possess an exceptional clarity of
                  | mind. [potion of mutation]
  4164 | D:4      | Gained mutation: Your mind is acute. (Int +4, Str/Dex -1)
                  | [potion of mutation]
  4164 | D:4      | Gained mutation: You expend magic power (3 MP) to
                  | strengthen your wands. [potion of mutation]
  4205 | D:4      | Killed Dowan
  4341 | D:4      | Identified the amulet "Xyhaot" {RegenMP rPois rN++ Str-5}
  4556 | D:5      | Reached skill level 10 in Short Blades
  4644 | D:5      | Identified the +9 whip of the Empty Page {heavy, Str+4}
  4747 | D:5      | Found a staircase to the Ecumenical Temple.
  4758 | Temple   | Entered the Ecumenical Temple
  5241 | Temple   | Became a worshipper of Vehumet
  5248 | Temple   | Learned a level 5 spell: Fireball
  5323 | D:5      | Noticed Eustachio
  5373 | D:5      | Reached skill level 11 in Short Blades
  5373 | D:5      | Reached skill level 1 in Fire Magic
  5373 | D:5      | Reached XP level 8. HP: 18/41 MP: 8/8
  5492 | D:5      | Reached skill level 2 in Fire Magic
  5519 | D:5      | HP: 10/41 [quasit[Eustachio] (2)]
  5524 | D:5      | Killed Eustachio
  5525 | D:5      | Reached skill level 3 in Fire Magic
  6036 | D:5      | Reached skill level 4 in Fire Magic
  6258 | D:6      | Noticed Sigmund
  6323 | D:6      | Found a glowing drain.
  6344 | Sewer    | Entered a sewer
  6385 | Sewer    | Noticed Pargi
  6401 | Sewer    | Killed Pargi
  6401 | Sewer    | Reached * piety under Vehumet
  6401 | Sewer    | Offered knowledge of Kiss of Death by Vehumet.
  6465 | D:6      | Noticed Pikel
  6480 | D:6      | Reached skill level 5 in Fire Magic
  6480 | D:6      | Reached XP level 9. HP: 39/45 MP: 9/9
  6500 | D:6      | Killed Pikel
  6501 | D:6      | Reached skill level 12 in Short Blades
  6501 | D:6      | Reached skill level 6 in Fire Magic
  6522 | D:6      | Found Nonomeu's Gadget Gallery.
  6665 | D:6      | Reached skill level 7 in Fire Magic
  6899 | D:6      | Reached skill level 13 in Short Blades
  6899 | D:6      | Reached skill level 8 in Fire Magic
  7030 | D:6      | Found Zizo's Magic Scroll Shoppe.
  7111 | D:6      | Identified the +0 pair of gloves "Misayd" {Fly rC- Str+6
                  | Slay+3}
  7303 | D:6      | Reached XP level 10. HP: 50/50 MP: 10/10
  7398 | D:6      | Noticed Menkaure
  7422 | D:6      | Killed Menkaure
  7572 | D:7      | Found a sand-covered staircase.
  7587 | Ossuary  | Entered an ossuary
  7621 | Ossuary  | Offered knowledge of Searing Ray by Vehumet.
  7622 | Ossuary  | Reached ** piety under Vehumet
  7923 | D:7      | Offered knowledge of Frozen Ramparts by Vehumet.
  7924 | D:7      | Reached skill level 9 in Fire Magic
  7968 | D:7      | Reached *** piety under Vehumet
  7974 | D:7      | HP: 12/50 [gnoll/+0 spear[a gnoll sergeant] (4)]
  8228 | D:7      | Offered knowledge of Flame Wave by Vehumet.
  8525 | D:7      | Reached **** piety under Vehumet
  8560 | D:7      | Found a transporter.
  8560 | D:7      | Noticed mandarbmax's ghost (novice BaIE)
  8569 | D:7      | Found a transporter.
  8656 | D:7      | Found an iron altar of Okawaru.
  8810 | D:7      | Reached skill level 14 in Short Blades
  8810 | D:7      | Reached skill level 10 in Fire Magic
  8813 | D:7      | Offered knowledge of Stone Arrow by Vehumet.
  8967 | D:7      | Noticed a skeletal warrior
  8985 | D:7      | HP: 9/50 [ice beast (19)]
  8986 | D:7      | Demolished by a skeletal warrior

Illustrated notes

Levels and vault maps discovered:
D:1:      elethiomel_arrival_infinity_welcomes_careful_drivers, layout_basic
D:2:      layout_loops_ring, ebering_ecumenical_altar_abandoned, minmay_3d_cube
D:3:      layout_basic, kennysheep_generic_room_15, uniq_robin
D:4:      dreamdust_elfheim, layout_basic, hangedman_abyss_or_decor_stagger,
          nicolae_stop_n_shop_2
D:5:      layout_basic, minmay_temple_entry_butterflies, uniq_eustachio
D:6:      minmay_razor_zed, layout_loops_ring, portal_sewer_entry_f,
          serial_shops, nicolae_shop_crystal, nicolae_shop_gadgets,
          uniq_menkaure, uniq_sigmund, uniq_pikel
D:7:      minmay_slanted_spiral_squares, layout_loops_ring,
          mainiacjoe_overflow_divided_tiny, gammafunk_ghost_arena,
          gup_ossuary_entry_pyramid, uniq_crazy_yiuf_cottage
Temple:   mainiacjoe_temple_big_plus

Skill      XL: |  1  2  3  4  5  6  7  8  9 10 |
---------------+-------------------------------+-----
Short Blades   | 4 5 6 7 9 11 13 14 | 14.0
Fire Magic     | 1 5 8 10 | 10.4
Fighting       | |  3.2
Dodging        | |  2.4
Stealth        | |  6.6

Action                   |  1- 3 |  4- 6 |  7- 9 | 10-12 || total
-------------------------+-------+-------+-------+-------++-------
Melee: Short sword       |    24 |   111 |       |       ||   135
       Rapier            |       |    94 |   372 |   432 ||   898
       Punch             |       |     2 |     4 |     7 ||    13
       Whip              |       |       |     3 |       ||     3
 Cast: Fireball          |       |       |       |     1 ||     1
Evoke: Wand              |       |       |     2 |       ||     2
  Use: Scroll            |       |     5 |     5 |     2 ||    12
       Potion            |       |     1 |     4 |       ||     5
 Stab: Sleeping          |     2 |    44 |    24 |    14 ||    84
       Distracted        |       |       |       |     1 ||     1
Armor: Leather armour    |     5 |    14 |       |       ||    19
       Robe              |       |    11 |    33 |       ||    44
       Skin              |       |       |    14 |       ||    14
       Troll leather arm |       |       |    35 |    71 ||   106
Dodge: Dodged            |     8 |    65 |   205 |   182 ||   460

Table legend: (Time is in decaauts)
 A = Elapsed time spent in this place.
 B = Non-inter-level travel time spent in this place.
 C = Inter-level travel time spent in this place.
 D = Time resting spent in this place.
 E = Time spent auto-exploring this place.
 F = Levels seen in this place.
 G = Mean time per level.
                   A        B        C        D        E       F      G
               +--------+--------+--------+--------+--------+-----+--------+
         Total |   8540 |   8185 |    355 |    614 |   5953 |  10 |  854.0 |
       Dungeon |   7695 |   7433 |    262 |    614 |   5404 |   7 | 1099.3 |
        Temple |    520 |    427 |     93 |      0 |    391 |   1 |  520.0 |
         Sewer |     95 |     95 |      0 |      0 |     47 |   1 |   95.0 |
       Ossuary |    228 |    228 |      0 |      0 |    111 |   1 |  228.0 |
               +--------+--------+--------+--------+--------+-----+--------+

Top non-repeatable levels by time:
     D:3: 1353 daAuts
     D:6: 1267 daAuts
     D:1: 1148 daAuts
     D:4: 1044 daAuts
     D:5: 1038 daAuts
     D:7: 1032 daAuts
     D:2: 811 daAuts
  Temple: 520 daAuts
 Ossuary: 228 daAuts
   Sewer: 95 daAuts

Table legend:
 A = Kills in this place as a percentage of kills in entire the game.
 B = Kills by you in this place as a percentage of kills by you in the entire game.
 C = Kills by friends in this place as a percentage of kills by friends in the entire game.
 D = Other kills in this place as a percentage of other kills in the entire game.
 E = Experience gained in this place as a percentage of experience gained in the entire game.
 F = Experience gained in this place divided by the number of levels of this place that you have seen.
                   A       B       C       D       E      F
               +-------+-------+-------+-------+-------+----------------------
         Total | 100.0 | 100.0 |   N/A |   N/A | 100.0 | 655.7
       Dungeon |  83.2 |  83.2 |   N/A |   N/A |  93.8 | 879.0
         Sewer |   2.6 |   2.6 |   N/A |   N/A |   2.1 | 139.0
       Ossuary |  14.2 |  14.2 |   N/A |   N/A |   4.0 | 265.0
               +-------+-------+-------+-------+-------+----------------------
